 Dungeon Crawl Stone Soup version 0.31-a0-1612-g4aaf141004 (webtiles) character file.

Game seed: 9128272105856593555

60 grandjackal the Cudgeller (level 3, 0/29 HPs)
             Began as a Demonspawn Gladiator on Jan 9, 2024.
             Was a Follower of Cheibriados.
             Succumbed to a goblin's poison
             ... on level 3 of the Dungeon.
             The game lasted 00:01:40 (1892 turns).

grandjackal the Cudgeller (Demonspawn Gladiator)    Turns: 1892, Time: 00:01:41

Health: 0/29       AC:  6    Str: 15 (18) XL:     3   Next: 82%
Magic:  3/3        EV: 11    Int:  8 (10) God:    Cheibriados [*.....]
Gold:   110        SH:  0    Dex: 13 (16) Spells: 2/2 levels left

rFire   . . .        a - +0 flail
rCold   . . .        (no shield)
rNeg    . . .        f - +0 ring mail
rPois   .            c - +0 helmet
rElec   .            h - scarf {harm}
rCorr   .            (no gloves)
SInv    .            (no boots)
Will    .....        (no amulet)
Stlth   +            (no ring)
HPRegen 0.24/turn    (no ring)
MPRegen 0.08/turn

%: harm (+30% outgoing, +20% incoming)
@: brilliant, lethally poisoned (0 -> -6), hasted, quick
A: spiny 1
a: Renounce Religion, Bend Time


You were on level 3 of the Dungeon.
You worshipped Cheibriados.
Cheibriados was aware of your devotion.
You visited 1 branch of the dungeon, and saw 3 of its levels.

You collected 110 gold pieces.

Inventory:

Hand Weapons
 a - a +0 flail (weapon)
Missiles
 d - 3 throwing nets (quivered)
 e - a javelin
Armour
 c - a +0 helmet (worn)
 f - a +0 ring mail (worn)
 h - a scarf of harm (worn)
Scrolls
 i - a scroll of teleportation {unknown}
 j - a scroll of silence {unknown}
 k - a scroll of identify {unknown}
 m - a scroll of revelation {unknown}
 n - 2 scrolls of vulnerability {unknown}


   Skills:
 + Level 3.0 Fighting
 + Level 3.3 Maces & Flails
 - Level 2.0 Throwing
 - Level 3.0 Dodging
 + Level 1.0 Invocations


You had 2 spell levels left.
You didn't know any spells.
Your spell library contained the following spells:

 Spells                   Type           Power      Damage    Failure   Level
 Slow                     Hex            0%         N/A       65%         1
 Confusing Touch          Hex            0%         N/A       95%         3
 Sigil of Binding         Hex            0%         N/A       95%         3
 Vampiric Draining        Necr           0%         2d6       95%         3
 Animate Dead             Necr           0%         N/A       100%        4
 Borgnjor's Vile Clutch   Necr/Erth      0%         N/A       100%        5
 Death Channel            Necr           0%         N/A       100%        6


Dungeon Overview and Level Annotations

Branches:
Dungeon (3/15)

Altars:
Cheibriados


Innate Abilities, Weirdness & Mutations

You are partially covered in sharp spines.


Message History

The goblin hits you but does no damage.
You are more poisoned.
You closely miss the goblin.
You feel very sick. The goblin is struck by your spines.
The goblin hits you but does no damage.
You are more poisoned.
You barely miss the goblin.
The goblin is severely wounded.
You feel very sick.
The goblin hits you with a +0 dagger of venom.
You are lethally poisoned!
You hit the goblin but do no damage.
The goblin is severely wounded.
You feel very sick. The goblin is struck by your spines.
You kill the goblin!
Cheibriados appreciates the change of pace.
Your Invocations skill increases to level 1!
You feel very sick.
You see here 7 gold pieces.
It was a potion of degeneration.
There was something very wrong with that liquid.
You feel weakened.
You feel dopey.
You feel clumsy.
You feel very sick.
It was a potion of brilliance.
You feel clever all of a sudden.
* * * LOW HITPOINT WARNING * * *
You feel very sick.
It was a potion of haste.
You feel yourself speed up.
Cheibriados forgives your accidental hurry, just this once.
* * * LOW HITPOINT WARNING * * *
You feel sick.
* * * LOW HITPOINT WARNING * * *
You feel sick.
* * * LOW HITPOINT WARNING * * *
You feel sick.
Things that are here:
a +0 dagger of venom; a goblin corpse
* * * LOW HITPOINT WARNING * * *
You feel sick.
You die...

.# .# ###
.# #...
.#
#.#.###.#
#.......#
#....#
####@#
#.# #$#
#.# #<#
###


There were no monsters in sight!

Vanquished Creatures
  A dart slug (D:1)
  4 endoplasms (D:1)
  4 giant cockroaches
  11 goblins
  5 hobgoblins
  4 jackals (D:1)
  A quokka (D:2)
  4 ball pythons
  5 bats
  A frilled lizard (D:1)
  6 kobolds
  4 rats
50 creatures vanquished.

Notes
Turn   | Place    | Note
-------+----------+-------------------------------------------
     0 | D:1      | grandjackal the Demonspawn Gladiator began the quest for
                  | the Orb.
     0 | D:1      | Reached XP level 1. HP: 16/16 MP: 1/1
   357 | D:1      | Found a faded altar of an unknown god.
   366 | D:1      | Gained mutation: You are partially covered in sharp spines.
                  | [demonic ancestry]
   366 | D:1      | Reached XP level 2. HP: 22/22 MP: 2/2
   873 | D:1      | Reached XP level 3. HP: 28/28 MP: 3/3
  1229 | D:2      | Found a snail-covered altar of Cheibriados.
  1253 | D:2      | Became a worshipper of Cheibriados the Contemplative
  1828 | D:2      | Reached * piety under Cheibriados
  1885 | D:3      | Reached skill level 1 in Invocations
  1891 | D:3      | HP: 1/29 [poisoned by a goblin]
  1892 | D:3      | Succumbed to a goblin's poison

Illustrated notes

Levels and vault maps discovered:
D:1:      nzn_arrival_depleted_hourglass, layout_basic,
          hellmonk_ecumenical_altar_arch_garden, nicolae_hexahallways,
          minmay_cut_off
D:2:      layout_loops_cross, basic_altar
D:3:      minmay_bubble_buster, layout_basic, mainiacjoe_overflow_tiny_flanked

Skill      XL: |  1  2  3 |
---------------+----------+-----
Throwing       | 2 |  2.0
Maces & Flails | 3 |  3.3
Dodging        | 3 |  3.0
Fighting       | 3 |  3.0
Invocations    | 1 |  1.0

Action                     || total
---------------------------++-------
  Melee: Flail             ||    96
    Use: Potion            ||     3
 Armour: Ring mail         ||    47
  Dodge: Dodged            ||    63

Table legend: (Time is in decaauts)
 A = Elapsed time spent in this place.
 B = Non-inter-level travel time spent in this place.
 C = Inter-level travel time spent in this place.
 D = Time resting spent in this place.
 E = Time spent auto-exploring this place.
 F = Levels seen in this place.
 G = Mean time per level.
                   A        B        C        D        E       F      G
               +--------+--------+--------+--------+--------+-----+--------+
         Total |   2077 |   2020 |     57 |     54 |   1650 |   3 |  692.3 |
       Dungeon |   2077 |   2020 |     57 |     54 |   1650 |   3 |  692.3 |
               +--------+--------+--------+--------+--------+-----+--------+

Top non-repeatable levels by time:
     D:1: 1228 daAuts
     D:2: 832 daAuts
     D:3: 17 daAuts
